 Dungeon Crawl Stone Soup version 0.31.0-9-g3a7656b989 (webtiles) character file.

Game seed: 6030926654648312891

123067 EnegeticOcto the Scratcher (level 16, 81/81 HPs)
             Began as a Felid Conjurer on Jan 29, 2024.
             Was a High Priest of Ru.
             Quit the game on level 2 of the Spider Nest on Jan 30, 2024.
             The game lasted 01:10:45 (49934 turns).

EnegeticOcto the Scratcher (Felid Conjurer)        Turns: 49934, Time: 01:10:45

Health: 81/81      AC:  3    Str:  3    XL:     16   Next: 36%
Magic:  28/28      EV: 36    Int: 33    God:    Ru [*****.]
Gold:   1142       SH:  0    Dex: 16    Spells: 6/30 levels left
                                        Lives:  1   Deaths: 3

rFire   . .          .
                       - Unarmed
rCold   + . .        (shield unavailable)
rNeg    . . .        (body armour unavailable)
rPois   .            (helmet unavailable)
rElec   +            (cloak unavailable)
rCorr   .            (gloves unavailable)
SInv    +            (boots unavailable)
Will    ++...        D - amulet "Socsuh" {Acrobat rElec Regen+}
Stlth   +++++        o - ring of wizardry
HPRegen 1.13/turn    w - +6 ring of intelligence
MPRegen 0.21/turn

%: acrobat, clarity, wizardry (x1)
@: acrobatic
A: very small, claws 1, fangs 3, see invisible, shaggy fur 3, weak 1, inability
to drink after injury 2, inability to use devices, stealthy paws, no weapons or
thrown items, no armour, multi-lived, no forms, horns 1, camouflage 1, clarity,
MP-powered wands
a: Renounce Religion, Sacrifice Stealth, Sacrifice Courage, Sacrifice Love,
Reject Sacrifices, Draw Out Power, Power Leap, Apocalypse


You were on level 2 of the Spider Nest.
You worshipped Ru.
Ru was extremely pleased with you.
You visited 5 branches of the dungeon, and saw 25 of its levels.
You also visited: Gauntlet.

You collected 2595 gold pieces.
You spent 1453 gold pieces at shops.

Inventory:

Missiles
 g - 5 curare-tipped darts
Jewellery
 o - a ring of wizardry (left paw)
   (You took it off a kobold on level 3 of the Dungeon)
 p - an amulet of guardian spirit
   (You found it on level 11 of the Dungeon)
 u - a ring of willpower
   (You took it off an orc on level 5 of the Dungeon)
 w - a +6 ring of intelligence (right paw)
   (You acquired it on level 3 of the Lair of Beasts)
 x - an amulet of reflection
   (You found it on level 6 of the Dungeon)
 y - a +6 ring of strength
   (You found it on level 7 of the Dungeon)
 A - the ring "Refokh" {Fly rElec EV+5 SInv}
   (You found it in a Gauntlet)

   [ring of evasion]

   EV+5:      It affects your evasion (+5).
   rElec:     It insulates you from electricity.
   SInv:      It lets you see invisible.
   Fly:       It grants you flight.
 D - the amulet "Socsuh" (around neck) {Acrobat rElec Regen+}
   (You acquired it on level 9 of the Dungeon)

   [amulet of the acrobat]

   Acrobat:   It increases your evasion while moving and waiting.
   rElec:     It insulates you from electricity.
   Regen+:    It increases your rate of health regeneration.
 F - a ring of flight
   (You found it on level 2 of the Lair of Beasts)
 G - a ring of protection from cold
   (You found it on level 2 of the Lair of Beasts)
Scrolls
 d - 15 scrolls of teleportation {@r3 !r}
 e - 4 scrolls of fear {!r}
 f - a scroll of torment
 h - 3 scrolls of amnesia
 i - 3 scrolls of vulnerability
 j - 5 scrolls of immolation
 n - 2 scrolls of blinking {@r4}
 s - a scroll of revelation {@r5 !r}
 v - 2 scrolls of fog {!r}
 E - 9 scrolls of identify {@r1}
Potions
 a - 4 potions of magic
 b - 3 potions of haste {@q4 !q}
 c - 13 potions of curing {@q1 !q}
 k - 4 potions of mutation
 l - 7 potions of attraction
 m - 2 potions of enlightenment
 q - 5 potions of invisibility
 r - a potion of heal wounds {@q2 !q}
 t - 4 potions of ambrosia
 z - 2 potions of berserk rage
 C - a potion of brilliance
 J - 3 potions of might {@q3 !q}


   Skills:
 - Level 7.8 Fighting
 - Level 7.8 Dodging
 - Level 7.8 Stealth
 - Level 7.9 Unarmed Combat
 - Level 7.8 Spellcasting
 - Level 7.8 Conjurations
 + Level 3.8 Hexes
 - Level 7.8 Summonings
 - Level 7.8 Necromancy
 - Level 7.8 Translocations
 - Level 7.8 Fire Magic
 - Level 7.8 Ice Magic
 - Level 7.8 Air Magic
 - Level 7.8 Earth Magic
 - Level 7.8 Alchemy
 + Level 2.5 Invocations
   Level 0.0 Evocations


You had 6 spell levels left.
You knew the following spells:

 Your Spells              Type           Power      Damage    Failure   Level
a - Stone Arrow           Conj/Erth      100%       3d13      1%          3
b - Arcjolt               Conj/Air       29%        1d39      1%          5
c - Fulminant Prism       Conj/Alch      29%        3d14      1%          4
d - Magic Dart            Conj           100%       1d8       1%          1
e - Plasma Beam           Fire/Air       29%        2x1d42    9%          6
z - Irradiate             Conj/Alch      29%        3d21      1%          5

Your spell library contained the following spells:

 Spells                   Type           Power      Damage    Failure   Level
 Foxfire                  Conj/Fire      100%       2x1d9     1%          1
 Kiss of Death            Conj/Necr      100%       2d13      1%          1
 Sandblast                Erth           100%       2d20      1%          1
 Shock                    Conj/Air       100%       1d9       1%          1
 Slow                     Hex            100%       N/A       1%          1
 Sting                    Conj/Alch      100%       1d9       1%          1
 Blink                    Tloc           100%       N/A       1%          2
 Jinxbite                 Hex            76%        N/A       1%          2
 Lesser Beckoning         Tloc           100%       N/A       1%          2
 Mercury Vapours          Alch/Air       100%       N/A       1%          2
 Momentum Strike          Conj/Tloc      100%       3d10      1%          2
 Searing Ray              Conj           100%       2d8       1%          2
 Confusing Touch          Hex            38%        N/A       1%          3
 Gell's Gravitas          Tloc           59%        N/A       1%          3
 Inner Flame              Hex/Fire       50%        N/A       1%          3
 Passwall                 Erth           59%        N/A       1%          3
 Sigil of Binding         Hex            38%        N/A       1%          3
 Teleport Other           Tloc           59%        N/A       1%          3
 Vampiric Draining        Necr           59%        2d10      1%          3
 Brom's Barrelling Bould  Conj/Erth      59%        2d7       1%          4
 Iskenderun's Mystic Bla  Conj/Tloc      59%        2d12      1%          4
 Vhi's Electric Charge    Tloc/Air       100%       N/A       1%          4
 Freezing Cloud           Conj/Ice/Air   29%        6-21      1%          5
 Yara's Violent Unravell  Hex/Alch       25%        3d11      3%          5
 Dispersal                Tloc           29%        N/A       9%          6
 Starburst                Conj/Fire      29%        6d9       9%          6
 Enfeeble                 Hex            19%        N/A       91%         7
 Ignition                 Fire           29%        3d9       97%         8
 Lehudib's Crystal Spear  Conj/Erth      29%        10d8      97%         8
 Maxwell's Capacitive Co  Air            29%        ∞         97%         8
 Animate Armour           Summ/Erth      Unusable   N/A       N/A         4

Dungeon Overview and Level Annotations

Branches:
Dungeon (15/15) Zot: 23671  Temple (1/1) D:6 Zot: 5907    Lair (5/5) D:8 Zot: 14393
  Swamp (0/4) Lair:3       Spider (2/4) Lair:2 Zot: 12072   Slime (0/5) Lair:5
    Orc (2/2) D:9 Zot: 14530     Elf (0/3) Orc:2        Vaults (0/5) D:13
 Depths (0/4) D:15        Gauntlet (visited)

Altars:
Ashenzari
Cheibriados
Dithmenos
Elyvilon
Fedhas
Gozag
Hepliaklqana
Kikubaaqudgha
Makhleb
Nemelex Xobeh
Okawaru
Qazlal
Ru
Sif Muna
Trog
Uskayaw
Vehumet
Wu Jian
Xom
Yredelemnul
Zin
The Shining One

Shops:
D:5 *   D:6 ?   D:12 :   D:14 (   D:15 [:?   Orc:1 [   Orc:2 :!(!*

Annotations:
D:4 Edmund
Lair:2 1 runed translucent door, topfpfpflanze's ghost, journeyman TeCj
Lair:3 2 transporters
Lair:5 exclusions: 4 doors and obsidian statue


Innate Abilities, Weirdness & Mutations

You have sharp claws.
You have razor-sharp teeth.
You have supernaturally acute eyesight. (SInv)
Your thick and shaggy fur keeps you warm. (AC +3, rC+)
You are weak. (Str -2)
You sometimes lose the ability to drink potions when taking damage.
You cannot study or use magical devices.
Your paws help you pounce on unaware monsters.
You are incapable of wielding weapons or throwing items.
You cannot wear armour.
You gain extra lives every three experience levels.
You cannot voluntarily change form.
You have a pair of small horns on your head.
Your skin changes colour to match your surroundings (Stealth+).
You possess an exceptional clarity of mind.
You expend magic power (3 MP) to strengthen your wands.


Message History

A wolf spider comes into view.
Casting: Plasma Beam (dangerous; 9% risk of failure)
Press: ? - help, Q - select action, (/) - cycle Dir - look around, f - activate The bolt of lightning misses the wolf spider.
The bolt of lightning hits the wolf spider simulacrum.
The wolf spider simulacrum is moderately damaged.
The fiery plasma hits the wolf spider!!
The wolf spider is heavily wounded.
The wolf spider's many legs skitter.
The fiery plasma hits the wolf spider simulacrum.
The wolf spider simulacrum melts!
The wolf spider simulacrum is heavily damaged.
The wolf spider's many legs skitter.
A wolf spider comes into view.
Casting: Plasma Beam (dangerous; 9% risk of failure)
Confirm with . or Enter, or press ? or * to list all spells.
Electricity surges outward!
The wolf spider is struck by an electric surge!
The wolf spider is lightly wounded.
The wolf spider is struck by an electric surge!!
The wolf spider is almost dead.
The wolf spider simulacrum is struck by an electric surge!!!
The wolf spider simulacrum vaporises!
The wolf spider zombie is struck by an electric surge!!
The wolf spider zombie is moderately damaged.
The wolf spider simulacrum is struck by an electric surge.
The wolf spider simulacrum is lightly damaged.
The wolf spider is struck by an electric surge!!
The wolf spider's many legs skitter.
The wolf spider is moderately wounded.
The wolf spider zombie is engulfed in freezing vapours.
Casting: Arcjolt (dangerous; 1% risk of failure)
Confirm with . or Enter, or press ? or * to list all spells.
Electricity surges outward!
The wolf spider is struck by an electric surge!!
The wolf spider is severely wounded.
The wolf spider is struck by an electric surge!
The wolf spider is almost dead.
The wolf spider zombie is struck by an electric surge.
The wolf spider zombie is moderately damaged.
The wolf spider completely misses you. x2
The wolf spider is engulfed in freezing vapours.
The wolf spider barely misses you. The wolf spider completely misses you.
Casting: Arcjolt (dangerous; 1% risk of failure)
Confirm with . or Enter, or press ? or * to list all spells.
Electricity surges outward!
The wolf spider is struck by an electric surge!!!
You kill the wolf spider!
The wolf spider is struck by an electric surge!!
You kill the wolf spider!
The wolf spider is struck by an electric surge!!
The wolf spider is almost dead.
The wolf spider zombie is struck by an electric surge!!!
The wolf spider zombie is severely damaged.
The wolf spider simulacrum is struck by an electric surge!
The wolf spider simulacrum is moderately damaged.
Your Hexes skill increases to level 3!
Your Invocations skill increases to level 2!
Casting: Arcjolt (dangerous; 1% risk of failure)
Confirm with . or Enter, or press ? or * to list all spells.
Electricity surges outward!
The wolf spider is struck by an electric surge!!
You kill the wolf spider!
The wolf spider simulacrum is struck by an electric surge!!!
The wolf spider simulacrum vaporises!
The wolf spider zombie is struck by an electric surge!
The wolf spider zombie is almost destroyed.
The wolf spider zombie is engulfed in freezing vapours.
You claw the wolf spider zombie! You headbutt the wolf spider zombie.
The wolf spider zombie is almost destroyed.
The wolf spider zombie completely misses you.
The wolf spider zombie bites you.
You scratch the wolf spider zombie.
You destroy the wolf spider zombie!
A wolf spider simulacrum and a spectral wolf spider come into view.
You see here a wolf spider corpse.
A jorogumo comes into view.
What are your orders? t - Meow!
Orders for allies: a - Attack new target. r - Retreat! s - Stop attacking. g - Guard the area. f - Follow me.
Anything else - Cancel.
You meow for attention!
You start resting.
Magic restored.
What are your orders? t - Meow!
Orders for allies: a - Attack new target. r - Retreat! s - Stop attacking. g - Guard the area. f - Follow me.
Anything else - Cancel.
You meow for attention!
You start waiting.
Done waiting.
Found a stone staircase leading down.
E - 9 scrolls of identify {@r1} (gained 1) Ru believes you are ready to make a new sacrifice.
Okay, then.
Are you sure you want to abandon this character and quit the game? (Confirm with "yes".)

#... #.. ##### #^
#.#.### #. ####.....#
## #####..#.....####
##.#
#.....##....###.###.#^.
##..........#.#.>#..#..
##...@.....#....#..###
#................^#.#
#..#....^...........#
####...^.^..........#
.....####.........#
....##^............
.....#..............
..####............. ##
#......^......


There were no monsters in sight!

Vanquished Creatures
  Saint Roka (Orc:2)
  Arachne (Spider:2)
  Rupert (D:13)
  A broodmother (Spider:1)
  Azrael (D:13)
  A spark wasp (Spider:2)
  A minotaur (Gauntlet)
  3 entropy weavers
  An ettin (Orc:2)
  Fannar (Lair:3)
  2 rakshasas
  A vault guard (D:13)
  A jorogumo (Spider:2)
  2 hydras
  An ogre mage (D:15)
  A catoblepas (Lair:2)
  5 centaur warriors
  A tengu warrior (Gauntlet)
  13 two-headed ogres
  4 boulder beetles
  6 death yaks
  2 demonic crawlers (Spider:1)
  An orc high priest (Orc:2)
  Nergalle (D:11)
  5 skeletal warriors
  2 pharaoh ants (Spider:1)
  Lodul (D:13)
  3 orb spiders
  A glowing orange brain (shapeshifter) (D:15)
  5 orc knights (Orc:2)
  2 necromancers (Lair:5)
  A wolf spider zombie (Spider:2)
  An obsidian statue (D:9)
  Pikel (D:7)
  2 steelbarb worms
  8 cyclopes
  5 ugly things
  10 wolf spiders
  5 deep elf pyromancers
  2 orc sorcerers (Orc:2)
  5 manticores
  2 moths of wrath
  3 meliai (Spider:2)
  13 elephants
  5 kobold blastminers
  7 black mambas
  2 dire elephant zombies (Lair:5)
  2 torpor snails
  An unseen horror (D:11)
  16 cane toads
  An unseen horror (shapeshifter) (D:15)
  A freezing wraith (D:15)
  5 rime drakes
  2 tengu conjurers (Gauntlet)
  10 komodo dragons
  A queen bee (shapeshifter) (D:14)
  4 polar bears
  A tyrant leech (Gauntlet)
  13 trolls
  11 tarantellas
  10 saltlings (Orc:2)
  22 blink frogs
  2 wolf spider simulacra (Spider:2)
  A raiju (Gauntlet)
  6 slime creatures (D:15)
  A water elemental (D:14)
  9 jumping spiders
  2 shadows (D:11)
  3 wyverns
  4 culicivoras (Spider:2)
  A spriggan (Lair:4)
  8 humans
  46 yaks
  3 steam dragons
  2 fire bats (Lair:5)
  A wraith (D:10)
  2 wargs
  3 fire elementals (D:13)
  A fire bat (shapeshifter) (D:14)
  19 redbacks
  3 basilisks
  A dire elephant simulacrum (Lair:5)
  8 vampire mosquitoes
  4 swamp worms
  3 spectral cane toads (Lair:5)
  3 acid dragons
  15 water moccasins
  4 hell hounds (D:13)
  22 orc warriors
  3 black bears
  An elephant zombie (Lair:5)
  7 wolves
  18 ogres
  11 centaurs
  2 elephant skeletons (Lair:5)
  3 lemures (D:7)
  3 phantoms
  3 kobold brigands
  12 bullfrogs
  2 gnoll sergeants
  2 scorpions
  4 wights
  An elephant simulacrum (Lair:5)
  15 killer bees
  A bombardier beetle (D:6)
  3 electric eels
  2 howler monkeys (D:9)
  2 hounds (D:5)
  2 jellies
  20 orc priests
  2 gnoll boudas
  Natasha (thrice) (D:4)
  An iguana (D:6)
  3 sleepcaps
  21 orc wizards
  A mummy (D:4)
  14 gnolls
  11 adders
  3 white imps
  2 dart slugs
  63 orcs
  7 endoplasms
  3 giant cockroaches
  6 goblins
  8 hobgoblins
  2 jackals (D:1)
  5 quokkas
  8 ball pythons
  7 bats
  6 frilled lizards
  2 hobgoblin zombies (D:4)
  21 kobolds
  2 orc zombies (D:4)
  4 rats
743 creatures vanquished.

Vanquished Creatures (others)
  A vault guard (D:13)
  A kobold blastminer (Orc:2)
  2 humans (D:13)
  An orc wizard (Orc:2)
  A gnoll (D:9)
  2 orcs
  41 fulminant prisms
49 creatures vanquished.

Grand Total: 792 creatures vanquished

Notes
Turn   | Place    | Note
-------+----------+-------------------------------------------
     0 | D:1      | EnegeticOcto the Felid Conjurer began the quest for the
                  | Orb.
     0 | D:1      | Reached XP level 1. HP: 9/9 MP: 4/4
   140 | D:1      | Reached skill level 3 in Stealth
   385 | D:1      | Reached XP level 2. HP: 13/13 MP: 4/6
   389 | D:1      | Learned a level 2 spell: Searing Ray
   595 | D:1      | Reached skill level 4 in Conjurations
   923 | D:1      | Reached skill level 4 in Stealth
  1333 | D:2      | Reached XP level 3. HP: 16/16 MP: 3/7
  1815 | D:2      | Reached skill level 3 in Dodging
  2372 | D:3      | Reached XP level 4. HP: 21/21 MP: 1/8
  2372 | D:3      | Gained a life (2 lives remaining)
  2705 | D:3      | Noticed a phantom
  2790 | D:3      | Killed a phantom
  2791 | D:3      | Reached skill level 4 in Dodging
  2791 | D:3      | Reached XP level 5. HP: 19/24 MP: 1/10
  3427 | D:3      | Learned a level 4 spell: Fulminant Prism
  3673 | D:4      | Noticed Natasha
  3683 | D:4      | Killed Natasha
  3828 | D:4      | Noticed Edmund
  3873 | D:4      | Reached skill level 3 in Spellcasting
  4059 | D:4      | Reached skill level 5 in Conjurations
  4200 | D:4      | Noticed a phantom
  4228 | D:4      | Killed a phantom
  4229 | D:4      | Reached skill level 1 in Alchemy
  4229 | D:4      | Gained mutation: You are covered in thick fur. (AC +2)
                  | [Felid growth]
  4229 | D:4      | Reached XP level 6. HP: 28/28 MP: 3/11
  4750 | D:4      | Noticed Natasha
  4755 | D:4      | Killed Natasha
  4894 | D:4      | Noticed Natasha
  4924 | D:4      | Killed Natasha
  5123 | D:5      | Entered Level 5 of the Dungeon
  5169 | D:5      | Reached skill level 5 in Dodging
  5262 | D:5      | Reached skill level 2 in Alchemy
  5262 | D:5      | Reached XP level 7. HP: 32/32 MP: 4/13
  5760 | D:5      | Reached skill level 4 in Spellcasting
  5860 | D:5      | Found a shimmering blue altar of Sif Muna.
  6007 | D:5      | Reached skill level 6 in Dodging
  6074 | D:5      | Reached skill level 3 in Alchemy
  6185 | D:5      | Found a white marble altar of Elyvilon.
  6355 | D:5      | Found Derauk Riuh's General Store.
  6367 | D:5      | Bought a wand of polymorph (7) for 137 gold pieces
  6865 | D:6      | Reached skill level 6 in Conjurations
  6865 | D:6      | Reached skill level 1 in Evocations
  6865 | D:6      | Reached XP level 8. HP: 36/36 MP: 10/15
  7116 | D:6      | Found Zihoum's Magic Scroll Boutique.
  7191 | D:6      | Bought a scroll of revelation for 75 gold pieces
  7191 | D:6      | Bought a scroll of teleportation for 30 gold pieces
  7191 | D:6      | Bought a scroll of fear for 40 gold pieces
  7221 | D:6      | Reached skill level 2 in Evocations
  7498 | D:6      | Identified the +1 pair of gloves of the Amoeba {rN++ Str+3
                  | Int+6}
  7554 | D:6      | Reached skill level 7 in Dodging
  7635 | D:6      | Found a staircase to the Ecumenical Temple.
  7664 | Temple   | Entered the Ecumenical Temple
  7726 | Temple   | Became a worshipper of Ru the Awakened
  8093 | D:6      | Bought a scroll of identify for 20 gold pieces
  8146 | D:7      | Reached skill level 5 in Spellcasting
  8225 | D:7      | Reached skill level 4 in Alchemy
  8292 | D:7      | Reached skill level 3 in Evocations
  8364 | D:7      | Noticed a troll
  8373 | D:7      | Learned a level 5 spell: Irradiate
  8385 | D:7      | Killed a troll
  8510 | D:7      | Reached XP level 9. HP: 39/39 MP: 8/18
  8670 | D:7      | Learned a level 3 spell: Stone Arrow
  8982 | D:7      | Gained mutation: You are weak. (Str -2) [Ru sacrifice]
  9119 | D:7      | Noticed Pikel
  9130 | D:7      | Killed Pikel
  9131 | D:7      | Reached skill level 7 in Conjurations
  9131 | D:7      | Reached skill level 5 in Alchemy
  9523 | D:8      | Reached skill level 6 in Spellcasting
  9787 | D:8      | Found a staircase to the Lair.
 10259 | D:8      | Reached skill level 1 in Fighting
 10264 | D:8      | Reached skill level 6 in Alchemy
 10497 | D:8      | Reached skill level 2 in Fighting
 10497 | D:8      | Reached skill level 7 in Spellcasting
 10497 | D:8      | Reached XP level 10. HP: 46/46 MP: 14/21
 11345 | D:6      | Bought 3 scrolls of identify for 60 gold pieces
 11911 | D:9      | Identified the staff of the Thirteen Yaks {rF+ Str-4 Hexes
                  | Tloc Fire}
 12168 | D:9      | Reached skill level 5 in Stealth
 12228 | D:9      | Reached skill level 3 in Fighting
 12357 | D:9      | Noticed an obsidian statue
 12541 | D:9      | Found a staircase to the Orcish Mines.
 12572 | D:9      | Noticed a two-headed ogre
 12578 | D:9      | Killed a two-headed ogre
 12579 | D:9      | Reached skill level 6 in Stealth
 12690 | D:9      | Noticed a two-headed ogre
 12696 | D:9      | Killed a two-headed ogre
 12697 | D:9      | Reached skill level 4 in Fighting
 12697 | D:9      | Reached skill level 7 in Alchemy
 12792 | D:9      | Identified a scroll of acquirement
 12793 | D:9      | Acquired the amulet "Socsuh" {Acrobat rElec Regen+}
 12997 | D:9      | Killed an obsidian statue
 12998 | D:9      | Reached skill level 7 in Stealth
 13099 | D:9      | Gained mutation: You occasionally lose the ability to drink
                  | potions when taking damage. [Ru sacrifice]
 13099 | D:9      | Gained mutation: You sometimes lose the ability to drink
                  | potions when taking damage. [Ru sacrifice]
 13099 | D:9      | Reached * piety under Ru
 13099 | D:9      | Reached ** piety under Ru
 13115 | D:10     | Entered Level 10 of the Dungeon
 13183 | D:10     | Identified the +1 scale mail "Maicaxy" {Regen+}
 13202 | D:10     | Noticed Sonja
 13203 | D:10     | Sonja changed into Sonja the human
 13203 | D:10     | Noticed Sonja
 13208 | D:10     | Killed Sonja the human
 13478 | D:10     | Reached skill level 5 in Fighting
 13915 | D:10     | Reached XP level 11. HP: 56/56 MP: 12/23
 14112 | D:10     | Reached skill level 6 in Fighting
 14956 | Lair:1   | Entered Level 1 of the Lair of Beasts
 15122 | Lair:1   | Reached skill level 7 in Fighting
 15430 | Lair:1   | Identified the +0 leather armour of Bad Feelings {rPois}
 15817 | Lair:1   | Reached skill level 1 in Unarmed Combat
 15817 | Lair:1   | Reached skill level 1 in Earth Magic
 16235 | Lair:1   | Reached skill level 2 in Shapeshifting
 16822 | Lair:2   | Noticed a boulder beetle
 16830 | Lair:2   | Killed a boulder beetle
 16831 | Lair:2   | Reached skill level 3 in Shapeshifting
 17135 | Lair:2   | Reached skill level 4 in Shapeshifting
 17136 | Lair:2   | Found a hole to the Spider Nest.
 17136 | Lair:2   | Noticed an orb spider
 17340 | Lair:2   | Noticed a catoblepas
 17347 | Lair:2   | Killed a catoblepas
 17348 | Lair:2   | Reached skill level 5 in Shapeshifting
 17807 | Lair:2   | Reached skill level 6 in Shapeshifting
 17996 | Lair:2   | Gained mutation: Your thick and shaggy fur keeps you warm.
                  | (AC +3, rC+) [Felid growth]
 17996 | Lair:2   | Reached XP level 12. HP: 30/64 MP: 13/24
 18541 | Lair:2   | Found a runed translucent door.
 18542 | Lair:2   | Noticed topfpfpflanze's ghost (journeyman TeCj)
 18672 | Lair:2   | Reached skill level 7 in Shapeshifting
 18839 | Lair:3   | Noticed a four-headed hydra
 18854 | Lair:3   | Killed a four-headed hydra
 19022 | Lair:3   | Gained mutation: You cannot voluntarily change form. [Ru
                  | sacrifice]
 19022 | Lair:3   | Reduced skill Shapeshifting to level 0
 19068 | Lair:3   | Found a staircase to the Swamp.
 19073 | Lair:3   | Reached skill level 2 in Unarmed Combat
 19074 | Lair:3   | HP: 2/64 [swamp worm (23)]
 19191 | Lair:3   | Reached skill level 2 in Earth Magic
 19320 | Lair:3   | Found a transporter.
 19582 | Lair:3   | Reached skill level 3 in Unarmed Combat
 19643 | Lair:3   | Found a transporter.
 19648 | Lair:3   | Reached skill level 3 in Earth Magic
 19867 | Lair:3   | Reached skill level 4 in Unarmed Combat
 20017 | Lair:3   | Noticed Fannar
 20044 | Lair:3   | Killed Fannar
 20045 | Lair:3   | Reached skill level 4 in Earth Magic
 20415 | Lair:4   | Noticed a death yak
 20415 | Lair:4   | Noticed a death yak
 20642 | Lair:4   | Reached skill level 5 in Unarmed Combat
 20753 | Lair:4   | Reached skill level 5 in Earth Magic
 20989 | Lair:4   | Reached skill level 6 in Unarmed Combat
 21589 | Lair:4   | Got Practicing Mysticism
 21731 | Lair:4   | Reached skill level 1 in Fire Magic
 21731 | Lair:4   | Reached skill level 1 in Air Magic
 21731 | Lair:4   | Reached skill level 4 in Evocations
 22066 | Lair:4   | Reached XP level 13. HP: 66/68 MP: 10/25
 22743 | Lair:4   | Reached skill level 2 in Fire Magic
 22743 | Lair:4   | Reached skill level 2 in Air Magic
 22763 | Lair:4   | Reached skill level 5 in Evocations
 23497 | Lair:4   | Reached skill level 7 in Unarmed Combat
 23498 | Lair:4   | Reached skill level 3 in Air Magic
 23931 | Lair:4   | Reached skill level 3 in Fire Magic
 24251 | Lair:5   | Entered Level 5 of the Lair of Beasts
 24310 | Lair:5   | Gained mutation: You cannot study or use magical devices.
                  | [Ru sacrifice]
 24310 | Lair:5   | Reduced skill Evocations to level 0
 24310 | Lair:5   | Reached *** piety under Ru
 24310 | Lair:5   | Reached **** piety under Ru
 24310 | Lair:5   | Reached ***** piety under Ru
 24838 | Lair:5   | Reached skill level 4 in Air Magic
 24933 | Lair:5   | Reached skill level 4 in Fire Magic
 26030 | Lair:5   | Reached skill level 5 in Fire Magic
 26030 | Lair:5   | Reached skill level 5 in Air Magic
 26346 | Lair:5   | Found a staircase to the Slime Pits.
 26883 | Lair:5   | Noticed a dire elephant
 27967 | Lair:5   | Reached skill level 6 in Fire Magic
 27967 | Lair:5   | Reached skill level 6 in Air Magic
 28377 | Lair:5   | Noticed a dire elephant
 28377 | Lair:5   | Noticed a dire elephant
 28700 | Lair:5   | Reached XP level 14. HP: 72/72 MP: 16/26
 29745 | Lair:5   | Found a staircase to the Slime Pits.
 30537 | D:11     | Noticed Nergalle
 31445 | D:11     | Reached skill level 7 in Fire Magic
 31446 | D:11     | Reached skill level 7 in Air Magic
 31698 | D:11     | Killed Nergalle
 32244 | D:12     | Found Laig's Book Shoppe.
 32679 | Orc:1    | Entered Level 1 of the Orcish Mines
 32893 | Orc:1    | Found Gexuonar's Armour Shoppe.
 33260 | Orc:2    | Entered Level 2 of the Orcish Mines
 33514 | Orc:2    | Noticed Saint Roka
 33560 | Orc:2    | Reached skill level 1 in Summonings
 33560 | Orc:2    | Reached skill level 1 in Necromancy
 33560 | Orc:2    | Reached skill level 1 in Translocations
 33644 | Orc:2    | Reached skill level 1 in Ice Magic
 33916 | Orc:2    | Killed from afar by an orc sorcerer
 33916 | Orc:2    | Lost a life (1 life remaining)
 33931 | Orc:2    | Reached skill level 2 in Translocations
 33940 | Orc:2    | Killed Saint Roka
 33941 | Orc:2    | Reached skill level 2 in Summonings
 33941 | Orc:2    | Reached skill level 2 in Necromancy
 33941 | Orc:2    | Reached skill level 3 in Translocations
 34094 | Orc:2    | Reached skill level 6 in Earth Magic
 34104 | Orc:2    | Reached skill level 2 in Ice Magic
 34305 | Orc:2    | Found a staircase to the Elven Halls.
 34349 | Orc:2    | Found Uqipsidgh's Self-Improvement Boutique.
 35118 | Orc:2    | Reached skill level 4 in Translocations
 35414 | Orc:2    | Reached skill level 3 in Summonings
 35414 | Orc:2    | Reached skill level 3 in Necromancy
 35614 | Orc:2    | Reached skill level 3 in Ice Magic
 35834 | Orc:2    | Reached skill level 5 in Translocations
 36103 | Orc:2    | Found Losuall's Weapon Boutique.
 36174 | Orc:2    | Found Wocrin's General Store.
 36176 | Orc:2    | Found Muderod's Distillery.
 36201 | Orc:2    | Found Doppaa's Distillery.
 36207 | Orc:2    | Bought 2 potions of curing for 78 gold pieces
 36207 | Orc:2    | Bought a potion of invisibility for 104 gold pieces
 36207 | Orc:2    | Gained mutation: Your health recovers twice as slowly from
                  | being drained. [potion of mutation]
 36207 | Orc:2    | Gained mutation: You are strong-willed. (Will+) [potion of
                  | mutation]
 36207 | Orc:2    | Gained mutation: You are somewhat resistant to further
                  | mutation. [potion of mutation]
 36208 | Orc:2    | Lost mutation: Your health recovers twice as slowly from
                  | being drained. [potion of mutation]
 36208 | Orc:2    | Lost mutation: You are somewhat resistant to further
                  | mutation. [potion of mutation]
 36208 | Orc:2    | Gained mutation: Your skin changes colour to match your
                  | surroundings (Stealth+). [potion of mutation]
 36208 | Orc:2    | Gained mutation: Your magical capacity is low. (-10% MP)
                  | [potion of mutation]
 36208 | Orc:2    | Gained mutation: You expend magic power (3 MP) to
                  | strengthen your wands. [potion of mutation]
 36209 | Orc:2    | Lost mutation: Your magical capacity is low. (-10% MP)
                  | [potion of mutation]
 36209 | Orc:2    | Lost mutation: You are strong-willed. (Will+) [potion of
                  | mutation]
 36209 | Orc:2    | Gained mutation: You possess an exceptional clarity of
                  | mind. [potion of mutation]
 36209 | Orc:2    | Gained mutation: You have a pair of small horns on your
                  | head. [potion of mutation]
 36239 | Orc:2    | Bought a potion of haste for 110 gold pieces
 36239 | Orc:2    | Bought a potion of heal wounds for 55 gold pieces
 36243 | Orc:2    | Bought Maxwell's Memoranda for 560 gold pieces
 36249 | Orc:2    | Learned a level 5 spell: Arcjolt
 36251 | Orc:2    | Acquired a +6 ring of intelligence
 36262 | Orc:2    | Learned a level 6 spell: Plasma Beam
 36566 | D:13     | Noticed Azrael
 36570 | D:13     | Noticed Rupert
 36573 | D:13     | Killed Azrael
 36574 | D:13     | Reached XP level 15. HP: 68/71 MP: 5/27
 36574 | D:13     | Gained a life (2 lives remaining)
 36589 | D:13     | Noticed Lodul
 36594 | D:13     | Killed Lodul
 36595 | D:13     | Demolished by an ogre
 36595 | D:13     | Lost a life (1 life remaining)
 36604 | D:13     | Found a gate leading to a gauntlet.
 36614 | D:13     | Reached skill level 4 in Necromancy
 36615 | D:13     | Killed Rupert
 36616 | D:13     | Reached skill level 4 in Summonings
 36616 | D:13     | Reached skill level 6 in Translocations
 36629 | Gauntlet | Entered a Gauntlet
 36629 | Gauntlet | Found a transporter.
 36629 | Gauntlet | Found a transporter.
 36750 | Gauntlet | Found a transporter.
 36750 | Gauntlet | Found a transporter.
 36759 | Gauntlet | Found a transporter.
 36778 | Gauntlet | Found a transporter.
 36788 | Gauntlet | Found a transporter.
 36788 | Gauntlet | Found a transporter.
 36792 | Gauntlet | Found a transporter.
 36819 | Gauntlet | Found a transporter.
 36826 | Gauntlet | Found a transporter.
 36850 | Gauntlet | Found a transporter.
 36888 | Gauntlet | Found a transporter.
 36913 | Gauntlet | Found a transporter.
 37006 | Gauntlet | Found a transporter.
 37022 | Gauntlet | Found a transporter.
 37300 | Gauntlet | Identified the +1 pair of boots of Circular Logic {rC- rN+
                  | Str+3}
 37508 | Gauntlet | Identified the ring "Refokh" {Fly rElec EV+5 SInv}
 37630 | Gauntlet | Identified the +0 pair of gloves "Vauwibiga" {rN+ Int+3
                  | Slay+2}
 37666 | Gauntlet | Reached skill level 7 in Earth Magic
 37765 | Gauntlet | Identified the +2 pair of gloves "Imiblan" {rN+}
 37769 | Gauntlet | Got the Codex of the Sneaky Seas
 37914 | D:13     | Reached skill level 4 in Ice Magic
 38646 | D:13     | Found a gate to the Vaults.
 38713 | D:14     | Reached skill level 7 in Translocations
 39101 | D:14     | Reached skill level 5 in Necromancy
 39556 | D:14     | Found Akhlagew's Antique Weapon Emporium.
 39558 | D:14     | Reached skill level 5 in Summonings
 40317 | D:15     | Entered Level 15 of the Dungeon
 40833 | D:15     | Reached skill level 5 in Ice Magic
 41562 | D:15     | Reached skill level 6 in Necromancy
 41698 | D:15     | Reached skill level 6 in Summonings
 42286 | D:15     | Found Zaliskia's Armour Shop.
 42750 | D:15     | Found The Oracle's Delphic Readings.
 42755 | D:15     | Bought a scroll of blinking for 120 gold pieces
 42755 | D:15     | Bought a scroll of fear for 64 gold pieces
 43074 | D:15     | Found Meext's Tiny Tomes.
 43477 | D:15     | Found a staircase to the Depths.
 43672 | Spider:1 | Entered Level 1 of the Spider Nest
 43679 | Spider:1 | Reached skill level 6 in Ice Magic
 44643 | Spider:1 | Reached skill level 7 in Summonings
 44643 | Spider:1 | Reached skill level 7 in Necromancy
 45323 | Spider:1 | Reached XP level 16. HP: 81/81 MP: 3/28
 45323 | Spider:1 | Gained a life (2 lives remaining)
 46140 | Spider:2 | Noticed Arachne
 47468 | Spider:2 | Reached skill level 7 in Ice Magic
 48975 | Spider:2 | Reached skill level 1 in Hexes
 49480 | Spider:2 | Annihilated by Arachne
 49480 | Spider:2 | Lost a life (1 life remaining)
 49490 | Spider:2 | Killed Arachne
 49491 | Spider:2 | Reached skill level 2 in Hexes
 49491 | Spider:2 | Reached skill level 1 in Invocations
 49671 | Spider:2 | Reached skill level 3 in Hexes
 49671 | Spider:2 | Reached skill level 2 in Invocations
 49934 | Spider:2 | Quit the game

Illustrated notes

Levels and vault maps discovered:
D:1:      dpeg_cavernosity, layout_basic
D:2:      layout_loops_ring
D:3:      layout_basic, serial_glass, glass_columns_b, glass_columns_c,
          feat_on_display
D:4:      layout_gridville, minmay_misc_feat_roman, minmay_mini_ossuary,
          uniq_edmund, uniq_natasha
D:5:      layout_loops_corners, mainiacjoe_overflow_alcove_1,
          mainiacjoe_overflow_chevrons, serial_shops, shop
D:6:      layout_basic, minmay_temple_entry_statues, serial_shops, shop,
          serial_aquarium, aquarium_bridge_square [aquarium_subvault_bridge,
          aquarium_subvault_window, aquarium_subvault_balcony,
          aquarium_subvault_wall], aquarium_window_fake,
          aquarium_window_corridor_3, aquarium_window_2, aquarium_view_2f,
          aquarium_balcony_3a, aquarium_pool_five
D:7:      layout_basic, serial_park_tiny_pond, uniq_pikel
D:8:      layout_cave_pools, erik_lair_orcish_takeover
D:9:      layout_gridville, minmay_orc_entry_guard_dogs, minmay_statue_bubble
D:10:     layout_irregular_city, minivault_11, uniq_sonja
D:11:     layout_cross, grunt_ministairs_8, nicolae_twisty_statue_hallways,
          uniq_nergalle
D:12:     layout_rooms, serial_shops, nicolae_shop_peninsula
D:13:     layout_rooms, ximxim_vaults_locker_room, gauntlet_entry_generic,
          uniq_rupert, uniq_lodul, uniq_azrael
D:14:     layout_roguey, serial_shops, nicolae_shop_tiny_statue_garden,
          minmay_misc_feat_enclosed, grunt_decor_resistance,
          nicolae_concentric_dashed_squares_mild
D:15:     gammafunk_enter_depths_forms, layout_cave_pools, fountainhead,
          serial_shops, shop, nicolae_shop_i_like_small_books_too,
          nicolae_nh_oracle_at_delphi
Temple:   mainiacjoe_temple_cubbyholes
Lair:1:   layout_regular_city, grunt_megastairs_4, wad_woods_river_01
Lair:2:   layout_small_grid, nicolae_spider_entry_orb_guardian,
          gammafunk_ghost_grave
Lair:3:   gammafunk_worm_tunnel, layout_chaotic_city, minmay_swamp_entry_worms,
          uniq_fannar
Lair:4:   layout_loops_ring, st_stairs_7, forest_entry_grove,
          serial_bayou_shore_b
Lair:5:   due_jungle_book, layout_gridlike, slime_entry_1
Spider:1: layout_spider_delve
Spider:2: layout_spider_delve, nicolae_spider_undead_wolf_pack, uniq_arachne
Orc:1:    layout_caves, serial_shops, shop, nicolae_orc_crystal_geode
Orc:2:    hellmonk_orc_salted, layout_caves, nicolae_shop_self_help,
          uniq_saint_roka

Skill      XL: |  1  2  3  4  5  6  7  8  9 10 11 12 13 14 15 16 |
---------------+-------------------------------------------------+-----
Stealth        | 3 4 7 |  7.8
Conjurations   | 4 5 6 7 |  7.8
Dodging        | 3 4 5 6 7 |  7.8
Spellcasting   | 3 4 5 7 |  7.8
Alchemy        | 1 2 3 4 6 7 |  7.8
Evocations     | 1 3 4 0 |  0.0
Fighting       | 2 5 7 |  7.8
Unarmed Combat | 1 6 7 |  7.9
Earth Magic    | 1 5 6 7 |  7.8
Shapeshifting  | 6 0 |  0.0
Fire Magic     | 1 6 7 |  7.8
Air Magic      | 1 6 7 |  7.8
Summonings     | 3 7 |  7.8
Necromancy     | 3 7 |  7.8
Translocations | 5 7 |  7.8
Ice Magic      | 3 6 7 |  7.8
Hexes          | 3 |  3.8
Invocations    | 2 |  2.5

Action                     |  1- 3 |  4- 6 |  7- 9 | 10-12 | 13-15 | 16-18 || total
---------------------------+-------+-------+-------+-------+-------+-------++-------
  Melee: Unarmed           |    14 |    23 |    11 |    29 |    73 |    10 ||   160
         Bite              |       |     3 |     1 |     6 |    14 |     2 ||    26
         Punch             |       |       |       |       |     4 |       ||     4
         Headbutt          |       |       |       |       |     7 |     3 ||    10
   Cast: Magic Dart        |    95 |    57 |    62 |       |       |       ||   214
         Searing Ray       |       |    17 |    32 |       |       |       ||    49
         Fulminant Prism   |       |     4 |    13 |    15 |     9 |       ||    41
         Stone Arrow       |       |       |    36 |   237 |   420 |     6 ||   699
         Irradiate         |       |       |     6 |    65 |    92 |    15 ||   178
         Arcjolt           |       |       |       |       |    15 |    23 ||    38
         Plasma Beam       |       |       |       |       |   125 |    36 ||   161
 Invoke: Sacrifice Purity  |       |       |     1 |       |       |       ||     1
         Sacrifice Drink   |       |       |       |     1 |       |       ||     1
         Sacrifice Forms   |       |       |       |     1 |       |       ||     1
         Sacrifice Artific |       |       |       |       |     1 |       ||     1
         Apocalypse        |       |       |       |       |     3 |     1 ||     4
         Reject Sacrifices |       |       |       |       |     2 |       ||     2
         Draw Out Power    |       |       |       |       |     3 |       ||     3
         Power Leap        |       |       |       |       |     1 |     3 ||     4
  Evoke: Wand              |       |     1 |     2 |    11 |       |       ||    14
    Use: Scroll            |     5 |     3 |     3 |    10 |     5 |     2 ||    28
         Potion            |     2 |       |       |       |     4 |     2 ||     8
   Stab: Paralysed         |       |       |       |       |     6 |       ||     6
         Invisible         |       |       |       |       |       |     1 ||     1
 Armour: Skin              |     7 |    18 |    51 |    53 |   180 |    41 ||   350
  Dodge: Dodged            |    23 |    40 |   119 |   211 |   437 |    64 ||   894

Table legend:
 A = Kills in this place as a percentage of kills in the entire game.
 B = Kills by you in this place as a percentage of kills by you in the entire game.
 C = Kills by friends in this place as a percentage of kills by friends in the entire game.
 D = Other kills in this place as a percentage of other kills in the entire game.
 E = Experience gained in this place as a percentage of experience gained in the entire game.
 F = Experience gained in this place divided by the number of levels of this place that you have seen.
                   A       B       C       D       E      F
               +-------+-------+-------+-------+-------+----------------------
         Total | 100.0 | 100.0 |   N/A | 100.0 | 100.0 | 6762.0
       Dungeon |  50.0 |  50.1 |   N/A |   0.0 |  35.6 | 4170.5
          Lair |  23.7 |  23.8 |   N/A |   0.0 |  30.6 | 10770.2
   Spider Nest |  10.1 |  10.1 |   N/A |   0.0 |  18.1 | 15950.0
  Orcish Mines |  14.8 |  14.6 |   N/A | 100.0 |  13.5 | 11907.0
      Gauntlet |   1.3 |   1.4 |   N/A |   0.0 |   2.1 | 3689.0
               +-------+-------+-------+-------+-------+----------------------

Table legend: (Time is in decaauts)
 A = Elapsed time spent in this place.
 B = Non-inter-level travel time spent in this place.
 C = Inter-level travel time spent in this place.
 D = Time resting spent in this place.
 E = Time spent auto-exploring this place.
 F = Levels seen in this place.
 G = Mean time per level.
                   A        B        C        D        E       F      G
               +--------+--------+--------+--------+--------+-----+--------+
         Total |  50046 |  47929 |   2117 |  16206 |  26042 |  26 | 1924.8 |
       Dungeon |  23792 |  22513 |   1279 |   5762 |  14165 |  15 | 1586.1 |
        Temple |     92 |     33 |     59 |      0 |     30 |   1 |   92.0 |
          Lair |  15606 |  15268 |    338 |   5194 |   8405 |   5 | 3121.2 |
   Spider Nest |   5927 |   5614 |    313 |   4060 |   1080 |   2 | 2963.5 |
  Orcish Mines |   3469 |   3342 |    127 |    864 |   1849 |   2 | 1734.5 |
      Gauntlet |   1156 |   1156 |      0 |    326 |    513 |   1 | 1156.0 |
               +--------+--------+--------+--------+--------+-----+--------+

Top non-repeatable levels by time:
  Lair:5: 5236 daAuts
Spider:1: 4448 daAuts
  Lair:4: 3579 daAuts
    D:14: 2717 daAuts
  Lair:2: 2699 daAuts
     D:7: 2515 daAuts
  Lair:3: 2403 daAuts
   Orc:2: 2190 daAuts
     D:9: 1888 daAuts
    D:10: 1813 daAuts
    D:15: 1772 daAuts
  Lair:1: 1687 daAuts
     D:4: 1593 daAuts
     D:5: 1585 daAuts
    D:11: 1504 daAuts
